 Dungeon Crawl Stone Soup version 0.28-a0-612-gcfc00ec14d (webtiles) character file.

Game seed: 16896766808076286703

1462 pokedragonboy the Purveyor of Pain (level 8, -3/41 HPs)
             Began as a Vampire Necromancer on Oct 5, 2021.
             Was an Initiate of Kikubaaqudgha.
             Slain by a seven-headed hydra (11 damage)
             ... on level 7 of the Dungeon.
             The game lasted 00:28:47 (8663 turns).

pokedragonboy the Purveyor of Pain (VpNe)           Turns: 8663, Time: 00:28:48

Health: -3/41      AC:  8    Str:  7    XL:     8   Next: 48%
Magic:  24/24      EV: 14    Int: 20    God:    Kikubaaqudgha [......]
Gold:   322        SH:  0    Dex: 14    Spells: 6/16 levels left

rFire   . . .      SeeInvis +   b - +0 short sword
rCold   + + .      Faith    .   (no shield)
rNeg    + + +      Spirit   .   h - +1 robe "Biapucko" {SInv Archmagi}
rPois   ∞          Reflect  .   D - +2 helmet
rElec   .          Harm     .   (no cloak)
rCorr   .          Rampage  .   A - +1 pair of gloves
Will    .....      Archmagi +   (no boots)
Stlth   +++++.....              q - amulet of the acrobat
HPRegen 0.00/turn               o - ring of magical power
MPRegen 0.19/turn               (no ring)

@: about to teleport, bloodless, inhibited regen
A: bloodless, fangs 3, see invisible, vampiric 2
a: Bat Form, Revivify, Renounce Religion


You were on level 7 of the Dungeon.
You worshipped Kikubaaqudgha.
Kikubaaqudgha was noncommittal.
You visited 2 branches of the dungeon, and saw 8 of its levels.

You collected 322 gold pieces.

Inventory:

Hand Weapons
 a - a +1 falchion
 b - a +0 short sword (weapon)
Missiles
 u - 8 boomerangs
 y - 9 poisoned darts
Armour
 h - the +1 robe "Biapucko" (worn) {SInv Archmagi}
   (You found it on level 7 of the Dungeon)

   SInv:      It lets you see invisible.
   Archmagi:  It increases the power of your magical spells.
 k - a +2 robe
 A - a +1 pair of gloves (worn)
 D - a +2 helmet (worn)
Jewellery
 o - a ring of magical power (left hand)
 q - an amulet of the acrobat (around neck)
 t - a ring of ice
Wands
 m - a wand of iceblast (10)
Scrolls
 c - a scroll of brand weapon {unknown}
 e - a scroll of noise {unknown}
 i - 2 scrolls of enchant weapon
 n - a scroll of silence {unknown}
 r - a scroll of torment {unknown}
 w - a scroll of teleportation
 x - 2 scrolls of identify {unknown}
 B - a scroll of magic mapping {unknown}
 C - a scroll of vulnerability
Potions
 d - 2 potions of heal wounds {unknown}
 f - a potion of resistance
 g - a potion of flight {unknown}
 j - 2 potions of magic {unknown}
 l - a potion of mutation {unknown}
 p - 3 potions of curing {unknown}
 s - 3 potions of cancellation {unknown}
 v - 2 potions of haste {unknown}
 z - 2 potions of lignification


   Skills:
 + Level 4.7 Short Blades
 + Level 5.3 Dodging
 - Level 4.0 Stealth
 + Level 4.6 Spellcasting
 * Level 8.6 Necromancy


You had 6 spell levels left.
You knew the following spells:

 Your Spells              Type           Power      Damage    Failure   Level
a - Pain                  Necr           100%       1d9       1%          1
b - Animate Skeleton      Necr           100%       N/A       1%          1
c - Agony                 Necr           56%        N/A       10%         5
d - Vampiric Draining     Necr           28%        2d10      1%          3

Your spell library contained the following spells:

 Spells                   Type           Power      Damage    Failure   Level
 Animate Dead             Necr           28%        N/A       3%          4
 Sting                    Tmut/Pois      28%        1d4       12%         1
 Blink                    Tloc           N/A        N/A       19%         2
 Passwall                 Tmut/Erth      5%         N/A       19%         2
 Poisonous Vapours        Pois/Air       14%        N/A       19%         2
 Gell's Gravitas          Tloc           3%         N/A       34%         3
 Lesser Beckoning         Tloc           7%         N/A       34%         3
 Swiftness                Air            7%         N/A       34%         3
 Teleport Other           Tloc           7%         N/A       34%         3
 Olgreb's Toxic Radiance  Pois           7%         N/A       75%         4
 Manifold Assault         Tloc           7%         N/A       97%         5
 Invisibility             Hex            3%         N/A       100%        6
 Storm Form               Tmut/Air       3%         N/A       100%        7


Dungeon Overview and Level Annotations

Branches:
Dungeon (7/15)             Temple (1/1) D:4

Altars:
Ashenzari
Cheibriados
Elyvilon
Fedhas
Kikubaaqudgha
Makhleb
Nemelex Xobeh
Okawaru
Qazlal
Ru
Sif Muna
Trog
Uskayaw
Vehumet
Xom
Zin
The Shining One

Annotations:
D:2 1 runed translucent door, Crazy Yiuf


Innate Abilities, Weirdness & Mutations

You do not regenerate when monsters are visible.
You are frail without blood (-20% HP).
You can heal yourself when you bite living creatures.
You are immune to poison.
You have razor-sharp teeth.
You have supernaturally acute eyesight. (SInv)
You are afflicted with vampirism and can become a bat while bloodless.


Message History

You see here a +0 chain mail.
The seven-headed hydra bites you! The seven-headed hydra misses you.
The seven-headed hydra bites you.
The seven-headed hydra completely misses you.
The seven-headed hydra misses you.
The seven-headed hydra closely misses you. x2
There is a stone staircase leading up here.
You climb upwards.
There is a stone staircase leading down here.
You start resting.
HP restored.
There is an open door here.
There is an open door here.
There is a stone staircase leading down here.
You climb downwards.
There is a stone staircase leading up here.
You see here 13 stones.
You see here a +0 fustibalus.
Things that are here:
a +0 leather armour; a +0 dagger
Okay, then.
You barely miss the seven-headed hydra.
The seven-headed hydra roars!
The seven-headed hydra bites you.
The seven-headed hydra closely misses you.
The seven-headed hydra bites you.
The seven-headed hydra barely misses you.
The seven-headed hydra bites you! The seven-headed hydra misses you.
The seven-headed hydra bites you.
Okay, then.
As you read the scroll of teleportation, it crumbles to dust.
You feel strangely unstable. The seven-headed hydra bites you.
The seven-headed hydra bites you but does no damage.
The seven-headed hydra bites you.
* * * LOW HITPOINT WARNING * * *
The seven-headed hydra bites you.
* * * LOW HITPOINT WARNING * * *
The seven-headed hydra misses you. The seven-headed hydra bites you!
You die...
Kikubaaqudgha rasps: "You have failed me!
Welcome... oblivion!"

# ###..#.#####..........# #
#....#.#...#..........+
###.#..#.#...#..........#
....#..#.#...#..........#
#####....#...#..........########
# #.#..#...#..............(... #
#.#..#...#######'###.######## #
#.#.[#...#######.# #.#...<...
### #..<>......D@).#.#
#..).#.... ..#
######[[.#####.#.######(#####
#.# #.[.# #.#.#....#...... #.#
#...# #.#.#.##.#.##### #.#####
##### #.#.#.##.#.# # #.....#
#.#......#.# ### #####.#
#.##...###.# #.. #####.#
#.##.......# #.# ......#
#.##..########.#


You could see a seven-headed hydra.

Vanquished Creatures
  A sky beast (D:4)
  A black bear (D:5)
  3 ogres
  Blork the orc (D:6)
  2 scorpions
  2 jellies
  4 hounds
  An orc priest (D:7)
  A centaur skeleton (D:7)
  A gnoll shaman (D:6)
  4 iguanas
  Jessica (D:2)
  Natasha (thrice) (D:2)
  Terence (D:2)
  4 orc wizards
  2 howler monkey zombies (D:5)
  Robin (D:2)
  4 gnolls (D:6)
  5 adders
  A shadow imp (D:6)
  A white imp (D:6)
  An adder skeleton (D:4)
  3 worms
  2 dart slugs (D:2)
  12 orcs
  4 bats
  7 endoplasms
  5 giant cockroaches
  12 goblins
  11 hobgoblins
  6 kobolds
  4 quokkas
  7 ball pythons
  2 frilled lizards (D:2)
  6 rats
126 creatures vanquished.

Vanquished Creatures (collateral kills)
  A hobgoblin (D:2)
1 creature vanquished.

Grand Total: 127 creatures vanquished

Notes
Turn   | Place    | Note
-------+----------+-------------------------------------------
     0 | D:1      | pokedragonboy the Vampire Necromancer began the quest for
                  | the Orb.
     0 | D:1      | Reached XP level 1. HP: 13/13 MP: 3/3
   230 | D:1      | Reached XP level 2. HP: 15/15 MP: 1/5
   377 | D:1      | Learned a level 1 spell: Animate Skeleton
   864 | D:2      | Gained mutation: You are afflicted with vampirism and can
                  | become a bat while bloodless. [Vampire growth]
   864 | D:2      | Reached XP level 3. HP: 13/19 MP: 2/6
  1173 | D:2      | Noticed Robin
  1179 | D:2      | Reached skill level 1 in Short Blades
  1219 | D:2      | Killed Robin
  1220 | D:2      | Reached skill level 5 in Necromancy
  1630 | D:2      | Learned a level 3 spell: Vampiric Draining
  1711 | D:2      | Noticed Natasha
  1717 | D:2      | Killed Natasha
  1718 | D:2      | Reached XP level 4. HP: 24/24 MP: 2/7
  1776 | D:2      | Noticed Terence
  1782 | D:2      | Killed Terence
  1932 | D:2      | Noticed Natasha
  1946 | D:2      | Killed Natasha
  1947 | D:2      | Reached XP level 5. HP: 10/28 MP: 1/9
  2164 | D:2      | Noticed Jessica
  2184 | D:2      | Killed Jessica
  2256 | D:2      | Noticed Natasha
  2262 | D:2      | Killed Natasha
  2287 | D:2      | Found a runed translucent door.
  2288 | D:2      | Noticed Crazy Yiuf
  2617 | D:3      | Reached skill level 6 in Necromancy
  2707 | D:3      | Learned a level 5 spell: Agony
  2819 | D:3      | Noticed a +0 spear
  2819 | D:3      | Noticed a +0 falchion
  2819 | D:3      | Noticed a +0 spear
  2819 | D:3      | Noticed a +0 dagger
  2819 | D:3      | Noticed a +0 short sword
  2819 | D:3      | Noticed a +0 short sword
  2819 | D:3      | Noticed a +0 dagger
  2885 | D:3      | Found a hide-covered altar of Uskayaw.
  2889 | D:3      | Noticed a +0 falchion
  2992 | D:3      | Found a faded altar of an unknown god.
  3411 | D:4      | Noticed an ogre
  3427 | D:4      | Reached XP level 6. HP: 32/32 MP: 10/10
  4377 | D:4      | HP: 1/32 [phantom (7)]
  5038 | D:4      | Noticed a sky beast
  5040 | D:4      | Found a staircase to the Ecumenical Temple.
  5049 | D:4      | Killed a sky beast
  5116 | Temple   | Entered the Ecumenical Temple
  5204 | Temple   | Became a worshipper of Kikubaaqudgha
  5320 | D:4      | Reached XP level 7. HP: 36/36 MP: 12/12
  5392 | D:5      | Entered Level 5 of the Dungeon
  5580 | D:5      | Reached skill level 7 in Necromancy
  5984 | D:5      | Identified the -2 helmet of Vyen {Stlth+}
  6746 | D:6      | Reached XP level 8. HP: 41/41 MP: 14/14
  6820 | D:6      | Reached skill level 8 in Necromancy
  6929 | D:6      | Noticed Blork the orc
  7051 | D:6      | Killed Blork the orc
  7142 | D:6      | Reached skill level 5 in Dodging
  7418 | D:6      | Found a burning altar of Makhleb.
  8199 | D:7      | Identified the +1 robe "Biapucko" {SInv Archmagi}
  8297 | D:7      | Noticed a seven-headed hydra
  8663 | D:7      | Slain by a seven-headed hydra

Illustrated notes

Levels and vault maps discovered:
D:1:      dpeg_arrival_fog, layout_basic, corexii_item_surrounded_by_moat
D:2:      layout_basic, uniq_robin, uniq_terence, uniq_jessica, uniq_natasha,
          uniq_crazy_yiuf_cottage
D:3:      layout_rooms, nicolae_uskayaw_en_pointe, basic_ecumenical_altar,
          mrwooster_statue_mirror, minmay_misc_feat_square
D:4:      layout_basic, minmay_temple_entry_drinking_statues
D:5:      layout_basic
D:6:      layout_loops_corners, bloody_makhleb, uniq_blork_the_orc
D:7:      gammafunk_ghost_smash, layout_basic, serial_shops,
          nicolae_lakefront_shop, uniq_duvessa
Temple:   regret_index_temple_waves

Skill      XL: |  1  2  3  4  5  6  7  8 |
---------------+-------------------------+-----
Short Blades   | 1 2 3 4 |  4.7
Necromancy     | 5 6 7 8 |  8.6
Stealth        | 4 |  4.0
Dodging        | 3 4 5 |  5.3
Spellcasting   | 3 4 |  4.6

Action                   |  1- 3 |  4- 6 |  7- 9 || total
-------------------------+-------+-------+-------++-------
Melee: Unarmed           |     2 |       |       ||     2
       Short sword       |     7 |    15 |    33 ||    55
       Bite              |     1 |     3 |     3 ||     7
       Falchion          |       |    20 |    17 ||    37
 Cast: Pain              |    62 |   105 |    75 ||   242
       Animate Skeleton  |     8 |     9 |    13 ||    30
       Vampiric Draining |       |    11 |    26 ||    37
 Abil: Exsanguinate      |     1 |       |       ||     1
       End Transformatio |       |     1 |       ||     1
       Bat Form          |       |     1 |       ||     1
Evoke: Wand              |       |       |     1 ||     1
  Use: Scroll            |       |     3 |     1 ||     4
       Potion            |       |     2 |       ||     2
 Stab: Sleeping          |     1 |     2 |     4 ||     7
       Distracted        |       |       |     2 ||     2
Armor: Robe              |     2 |    12 |    19 ||    33
Dodge: Dodged            |     6 |    42 |    73 ||   121

Table legend: (Time is in decaauts)
 A = Elapsed time spent in this place.
 B = Non-inter-level travel time spent in this place.
 C = Inter-level travel time spent in this place.
 D = Time resting spent in this place.
 E = Time spent auto-exploring this place.
 F = Levels seen in this place.
 G = Mean time per level.
                   A        B        C        D        E       F      G
               +--------+--------+--------+--------+--------+-----+--------+
         Total |   8787 |   8388 |    399 |   2366 |   4494 |   8 | 1098.4 |
       Dungeon |   8592 |   8209 |    383 |   2366 |   4335 |   7 | 1227.4 |
        Temple |    194 |    178 |     16 |      0 |    159 |   1 |  194.0 |
               +--------+--------+--------+--------+--------+-----+--------+

Top non-repeatable levels by time:
     D:2: 1871 daAuts
     D:6: 1530 daAuts
     D:3: 1523 daAuts
     D:4: 1299 daAuts
     D:5: 911 daAuts
     D:1: 781 daAuts
     D:7: 676 daAuts
  Temple: 194 daAuts
